MLB
ARIZONA DIAMONDBACKS @ ATLANTA BRAVES
05/02/2044
 
TOP OF THE 1ST
Arizona Diamondbacks batting - Pitching for Atlanta Braves : RHP Pimbly Nimblebottom
Pitching: RHP Pimbly Nimblebottom
Batting: LHB Eric Klasek 0-0: Ball
1-0: Called Strike
1-1: Bunt for hit to 23 - play at first, batter safe!
Batting: RHB David Price Jr. 0-0: Ball
1-0: Ball
2-0: Ball
3-0: Grounds into double play, 5-4-3 (Groundball, 5L, EV 100.6 MPH)
Batting: SHB Alec Thorpe 0-0: Ground out 6-3 (Groundball, 6M, EV 83.8 MPH)
Top of the 1st over - 0 runs, 1 hit, 0 errors, 0 left on base; Arizona 0 - Atlanta 0
BOTTOM OF THE 1ST
Atlanta Braves batting - Pitching for Arizona Diamondbacks : RHP David Mendoza
Pitching: RHP David Mendoza
Batting: RHB Jeckel Hester 0-0: Called Strike
0-1: Fly out, F8 (Flyball, 8RXD, EV 100.0 MPH)
Batting: LHB Colin Worthington 0-0: Foul Ball, location: 2F
0-1: Swinging Strike
0-2: Ground out 6-3 (Groundball, 6, EV 83.1 MPH)
Batting: RHB Butch Kaiser 0-0: Ball
1-0: Ball
2-0: Ball
3-0: Base on Balls
Batting: LHB Seth Cook 0-0: Ball
Butch Kaiser steals 2nd base
1-0: Foul Ball, location: 2F
1-1: Foul Ball, location: 2F
1-2: Ball
2-2: Foul Ball, location: 2F
2-2: Ball
3-2: Fly out, F8 (Flyball, 8RS, EV 93.8 MPH)
Bottom of the 1st over - 0 runs, 0 hits, 0 errors, 1 left on base; Arizona 0 - Atlanta 0
TOP OF THE 2ND
Arizona Diamondbacks batting - Pitching for Atlanta Braves : RHP Pimbly Nimblebottom
Batting: LHB Danny Dunham 0-0: Ball
1-0: Ball
2-0: Ball
3-0: Called Strike
3-1: Foul Ball, location: 2F
3-2: Base on Balls
Batting: LHB Roy Steigerwald 0-0: Ball
1-0: Swinging Strike
1-1: Called Strike
1-2: Foul Ball, location: 2F
1-2: Strikes out swinging
Batting: SHB Troy McClure 0-0: Fly out, F8 (Flyball, 89M, EV 78.8 MPH)
Batting: LHB Kyle Beaulieu 0-0: Called Strike
0-1: Called Strike
0-2: Foul Ball, location: 2F
0-2: Strikes out looking
Top of the 2nd over - 0 runs, 0 hits, 0 errors, 1 left on base; Arizona 0 - Atlanta 0
BOTTOM OF THE 2ND
Atlanta Braves batting - Pitching for Arizona Diamondbacks : RHP David Mendoza
Batting: RHB Jake Lang 0-0: Foul Ball, location: 2F
0-1: Ball
1-1: Ball
2-1: Called Strike
2-2: Strikes out swinging
Batting: LHB Zack Berney 0-0: Bunted foul
0-1: Ball
1-1: Ball
2-1: Ground out 5-3 (Groundball, 56S, EV 73.8 MPH)
Batting: RHB Liangde Li 0-0: Ball
1-0: SINGLE (Groundball, 6S, EV 62.5 MPH) (infield hit)
Batting: RHB Itsuo Egami 0-0: Called Strike
0-1: Foul Ball, location: 2F
0-2: Strikes out swinging
Bottom of the 2nd over - 0 runs, 1 hit, 0 errors, 1 left on base; Arizona 0 - Atlanta 0
TOP OF THE 3RD
Arizona Diamondbacks batting - Pitching for Atlanta Braves : RHP Pimbly Nimblebottom
Batting: RHB Jon Solano 0-0: Called Strike
0-1: SINGLE (Line Drive, 8LS, EV 90.6 MPH)
Batting: RHB Mario Soto 0-0: Ball
1-0: Called Strike
1-1: Ball
2-1: Called Strike
2-2: Ball
3-2: Strikes out swinging
Jon Solano steals 2nd base
Batter strikes out.
Batting: LHB Eric Klasek 0-0: Called Strike
Jon Solano steals 3rd base
0-1: Ball
1-1: Ball
2-1: Called Strike
2-2: Strikes out swinging
Batting: RHB David Price Jr. 0-0: Ball
1-0: 2-RUN HOME RUN (Flyball, 7D, EV 99.4 MPH), Distance : 382 ft
Batting: SHB Alec Thorpe 0-0: Ball
1-0: Ball
2-0: Called Strike
2-1: Swinging Strike
2-2: Ball
3-2: Base on Balls
Batting: LHB Danny Dunham 0-0: SINGLE (Line Drive, 7S, EV 108.1 MPH)
Alec Thorpe to second
Batting: LHB Roy Steigerwald 0-0: Ball
1-0: Ball
2-0: Called Strike
2-1: Called Strike
2-2: Reached on error, E4 (Groundball, 4, EV 83.1 MPH)
Alec Thorpe scores
Danny Dunham to third
Batting: SHB Troy McClure 0-0: Called Strike
0-1: Foul Ball, location: 2F
0-2: Strikes out swinging
Top of the 3rd over - 3 runs, 3 hits, 1 error, 2 left on base; Arizona 3 - Atlanta 0
BOTTOM OF THE 3RD
Atlanta Braves batting - Pitching for Arizona Diamondbacks : RHP David Mendoza
Batting: RHB John Creel 0-0: Ball
1-0: Swinging Strike
1-1: Ball
2-1: Ball
3-1: Foul Ball, location: 2F
3-2: DOUBLE (Flyball, 8LXD, EV 98.1 MPH)
Batting: RHB Jeckel Hester 0-0: Ball
1-0: Ball
2-0: Ball
3-0: Called Strike
3-1: DOUBLE (Line Drive, 5D, EV 105.0 MPH)
John Creel scores
Batting: LHB Colin Worthington 0-0: Called Strike
0-1: Sac Bunt to P - play at first, batter OUT! 1-3
Jeckel Hester to third
Batting: RHB Butch Kaiser 0-0: Called Strike
0-1: Swinging Strike
0-2: SINGLE (Line Drive, 4MD, EV 93.8 MPH)
Jeckel Hester scores
Batting: LHB Seth Cook 0-0: Grounds into double play, 6-4-3 (Groundball, 6M, EV 81.9 MPH)
Bottom of the 3rd over - 2 runs, 3 hits, 0 errors, 0 left on base; Arizona 3 - Atlanta 2
TOP OF THE 4TH
Arizona Diamondbacks batting - Pitching for Atlanta Braves : RHP Pimbly Nimblebottom
DELAY Rain delay of 47 minutes in the 4th inning.
Batting: LHB Kyle Beaulieu 0-0: Foul Ball, location: 2F
0-1: Foul Ball, location: 2F
0-2: Ball
1-2: SINGLE (Groundball, 4MD, EV 97.5 MPH)
Batting: RHB Jon Solano 0-0: Called Strike
0-1: Ball
1-1: Ball
2-1: Ball
3-1: Foul Ball, location: 2F
3-2: Strikes out swinging
Batting: RHB Mario Soto 0-0: Called Strike
0-1: Swinging Strike
0-2: Foul Ball, location: 2F
0-2: Ball
1-2: Strikes out swinging
Batting: LHB Eric Klasek 0-0: Ball
1-0: SINGLE (Groundball, 6D, EV 105.0 MPH)
Kyle Beaulieu to second
Batting: RHB David Price Jr. 0-0: Ball
1-0: Ball
2-0: Called Strike
2-1: Ball
3-1: SINGLE (Groundball, 6MD, EV 101.9 MPH) (infield hit)
Kyle Beaulieu to third
Eric Klasek to second
Batting: SHB Alec Thorpe 0-0: Ball
1-0: Fielders Choice at 2nd, 6-4 (Groundball, 6, EV 83.8 MPH)
Top of the 4th over - 0 runs, 3 hits, 0 errors, 3 left on base; Arizona 3 - Atlanta 2
BOTTOM OF THE 4TH
Atlanta Braves batting - Pitching for Arizona Diamondbacks : RHP David Mendoza
Batting: RHB Jake Lang 0-0: Ball
1-0: Ball
2-0: Called Strike
2-1: Foul Ball, location: 2F
2-2: Ball
3-2: Base on Balls
Batting: LHB Zack Berney 0-0: Grounds into double play, 6-4-3 (Groundball, 6S, EV 87.5 MPH)
Batting: RHB Liangde Li 0-0: Foul Ball, location: 2F
0-1: Ball
1-1: Foul Ball, location: 2F
1-2: Foul Ball, location: 2F
1-2: Strikes out swinging
Bottom of the 4th over - 0 runs, 0 hits, 0 errors, 0 left on base; Arizona 3 - Atlanta 2
TOP OF THE 5TH
Arizona Diamondbacks batting - Pitching for Atlanta Braves : RHP Pimbly Nimblebottom
Batting: LHB Danny Dunham 0-0: Called Strike
0-1: Fly out, F7 (Flyball, 7D, EV 104.4 MPH)
Batting: LHB Roy Steigerwald 0-0: Foul Ball, location: 2F
0-1: Called Strike
0-2: Ball
1-2: Ball
2-2: Foul Ball, location: 2F
2-2: Foul Ball, location: 2F
2-2: Strikes out swinging, 2-3 out at first.
Batting: SHB Troy McClure 0-0: Called Strike
0-1: Called Strike
0-2: Strikes out swinging
Top of the 5th over - 0 runs, 0 hits, 0 errors, 0 left on base; Arizona 3 - Atlanta 2
BOTTOM OF THE 5TH
Atlanta Braves batting - Pitching for Arizona Diamondbacks : RHP David Mendoza
Batting: RHB Itsuo Egami 0-0: Swinging Strike
0-1: Foul Ball, location: 2F
0-2: Ball
1-2: Strikes out swinging
Batting: RHB John Creel 0-0: SINGLE (Groundball, 34D, EV 104.4 MPH)
Batting: RHB Jeckel Hester 0-0: SINGLE (Flyball, 7LS, EV 93.8 MPH)
John Creel to second
Batting: LHB Colin Worthington 0-0: Ball
1-0: Ball
2-0: Swinging Strike
2-1: Foul Ball, location: 2F
2-2: Grounds into double play, 4-6-3 (Groundball, 4, EV 76.9 MPH)
Bottom of the 5th over - 0 runs, 2 hits, 0 errors, 1 left on base; Arizona 3 - Atlanta 2
TOP OF THE 6TH
Arizona Diamondbacks batting - Pitching for Atlanta Braves : RHP Pimbly Nimblebottom
Batting: LHB Kyle Beaulieu 0-0: Swinging Strike
0-1: Bunt for hit to 15 - play at first, batter safe!
Batting: RHB Jon Solano 0-0: Ball
1-0: Called Strike
1-1: Ball
2-1: Ball
3-1: Called Strike
3-2: Base on Balls
Kyle Beaulieu to second
Batting: RHB Mario Soto 0-0: Called Strike
0-1: Ball
1-1: Ball
2-1: Grounds into double play, 6-4-3 (Groundball, 6, EV 88.8 MPH)
Kyle Beaulieu to third
Pitching: RHP Mike Aguilar
Batting: LHB Eric Klasek 0-0: SINGLE (Line Drive, 56D, EV 99.4 MPH)
Kyle Beaulieu scores
Batting: RHB David Price Jr. 0-0: Ball
1-0: Ball
Eric Klasek steals 2nd base
2-0: 2-RUN HOME RUN (Flyball, 89XD, EV 108.1 MPH), Distance : 419 ft
Batting: SHB Alec Thorpe 0-0: Fly out, F8 (Flyball, 89S, EV 86.9 MPH)
Top of the 6th over - 3 runs, 3 hits, 0 errors, 0 left on base; Arizona 6 - Atlanta 2
BOTTOM OF THE 6TH
Atlanta Braves batting - Pitching for Arizona Diamondbacks : RHP David Mendoza
Batting: RHB Butch Kaiser 0-0: Ball
1-0: Ground out 5-3 (Groundball, 56, EV 83.1 MPH)
Batting: LHB Seth Cook 0-0: Swinging Strike
0-1: Called Strike
0-2: Ball
1-2: DOUBLE (Flyball, 9LD, EV 109.4 MPH)
Batting: RHB Jake Lang 0-0: Ball
1-0: Foul Ball, location: 2F
1-1: Ball
2-1: Foul Ball, location: 2F
2-2: Strikes out swinging
Batting: LHB Zack Berney 0-0: Foul Ball, location: 2F
0-1: Foul Ball, location: 2F
0-2: Fly out, F4 (Flyball, 34D, EV 92.5 MPH)
Bottom of the 6th over - 0 runs, 1 hit, 0 errors, 1 left on base; Arizona 6 - Atlanta 2
TOP OF THE 7TH
Arizona Diamondbacks batting - Pitching for Atlanta Braves : RHP Mike Aguilar
Batting: LHB Danny Dunham 0-0: Ball
1-0: SINGLE (Groundball, P, EV 83.1 MPH) (infield hit)
Batting: LHB Roy Steigerwald 0-0: Grounds into double play, 6-4-3 (Groundball, 6, EV 100.0 MPH)
Batting: SHB Troy McClure 0-0: Called Strike
0-1: SOLO HOME RUN (Flyball, 7D, EV 98.1 MPH), Distance : 384 ft
Batting: LHB Kyle Beaulieu 0-0: Ball
1-0: Ground out 4-3 (Groundball, 4, EV 83.8 MPH)
Top of the 7th over - 1 run, 2 hits, 0 errors, 0 left on base; Arizona 7 - Atlanta 2
BOTTOM OF THE 7TH
Atlanta Braves batting - Pitching for Arizona Diamondbacks : RHP David Mendoza
Batting: RHB Liangde Li 0-0: Called Strike
0-1: Ball
1-1: Swinging Strike
1-2: Strikes out swinging
Batting: RHB Itsuo Egami 0-0: Called Strike
0-1: Ball
1-1: Called Strike
1-2: Strikes out swinging
Batting: RHB John Creel 0-0: Ball
1-0: Ball
2-0: Ground out 5-3 (Groundball, 56S, EV 84.4 MPH)
Bottom of the 7th over - 0 runs, 0 hits, 0 errors, 0 left on base; Arizona 7 - Atlanta 2
TOP OF THE 8TH
Arizona Diamondbacks batting - Pitching for Atlanta Braves : RHP Mike Aguilar
Batting: RHB Jon Solano 0-0: Ball
1-0: Ground out 4-3 (Groundball, 4M, EV 100.0 MPH)
Batting: RHB Mario Soto 0-0: Called Strike
0-1: Ball
1-1: Ground out 6-3 (Groundball, 6, EV 105.6 MPH)
Batting: LHB Eric Klasek 0-0: Ball
1-0: Fly out, F8 (Flyball, 78D, EV 98.1 MPH)
Top of the 8th over - 0 runs, 0 hits, 0 errors, 0 left on base; Arizona 7 - Atlanta 2
BOTTOM OF THE 8TH
Atlanta Braves batting - Pitching for Arizona Diamondbacks : RHP David Mendoza
Batting: RHB Jeckel Hester 0-0: Called Strike
0-1: DOUBLE (Line Drive, 7LM, EV 109.4 MPH)
Batting: LHB Colin Worthington 0-0: Ball
1-0: Ball
2-0: Called Strike
2-1: Foul Ball, location: 2F
2-2: Fly out, F9 (Flyball, 9D, EV 91.2 MPH)
Runner from 2nd tags up, SAFE at 3rd, no throw by RF
Pitching: RHP Sean Hartgrove
Batting: RHB Butch Kaiser 0-0: Ball
1-0: Ball
2-0: Ball
3-0: Called Strike
3-1: Swinging Strike
3-2: Base on Balls
Batting: LHB Seth Cook 0-0: Ball
1-0: Ground out 6-3 (Groundball, 6MD, EV 101.9 MPH)
Jeckel Hester scores
Butch Kaiser to second
Batting: LHB Tom Best 0-0: Ball
1-0: Ground out 6-3 (Groundball, 4M, EV 89.4 MPH)
Bottom of the 8th over - 1 run, 1 hit, 0 errors, 1 left on base; Arizona 7 - Atlanta 3
TOP OF THE 9TH
Arizona Diamondbacks batting - Pitching for Atlanta Braves : RHP Mike Aguilar
Pitching: RHP Adam Bonawitz
Batting: RHB David Price Jr. 0-0: Called Strike
0-1: Ball
1-1: Ball
2-1: Ball
3-1: Base on Balls
Batting: SHB Alec Thorpe 0-0: Swinging Strike
0-1: Ball
David Price Jr. steals 2nd base
1-1: Foul Ball, location: 2F
1-2: 2-RUN HOME RUN (Line Drive, 78XD, EV 111.2 MPH), Distance : 406 ft
Batting: LHB Danny Dunham 0-0: Foul Ball, location: 2F
0-1: Ball
1-1: Ball
2-1: Ball
3-1: Foul Ball, location: 2F
3-2: Foul Ball, location: 2F
3-2: DOUBLE (Flyball, 8LXD, EV 114.4 MPH)
Batting: LHB Roy Steigerwald 0-0: Called Strike
0-1: Ball
1-1: Foul Ball, location: 2F
1-2: Foul Ball, location: 2F
1-2: Ball
2-2: Ball
3-2: Foul Ball, location: 2F
3-2: Foul Ball, location: 2F
3-2: Base on Balls
Batting: SHB Troy McClure 0-0: Ball
1-0: Swinging Strike
1-1: Swinging Strike
1-2: Ball
2-2: SINGLE (Groundball, 4MD, EV 101.9 MPH)
Danny Dunham to third
Roy Steigerwald to second
Batting: LHB Kyle Beaulieu 0-0: Ball
1-0: Called Strike
1-1: Called Strike
1-2: Strikes out swinging
Batting: RHB Jon Solano 0-0: Swinging Strike
0-1: Ball
1-1: Ball
2-1: Called Strike
2-2: Foul Ball, location: 2F
2-2: Strikes out swinging
Batting: RHB Mario Soto 0-0: GRAND SLAM HOME RUN (Flyball, 7D, EV 96.9 MPH), Distance : 361 ft
Pitching: RHP Tony Castellanos
Batting: LHB Eric Klasek 0-0: Swinging Strike
0-1: Called Strike
0-2: Strikes out swinging
Top of the 9th over - 6 runs, 4 hits, 0 errors, 0 left on base; Arizona 13 - Atlanta 3
BOTTOM OF THE 9TH
Atlanta Braves batting - Pitching for Arizona Diamondbacks : RHP Sean Hartgrove
Batting: LHB Zack Berney 0-0: Ball
1-0: Ball
2-0: Called Strike
2-1: Ground out U3 (Groundball, 13, EV 92.5 MPH)
Batting: RHB Liangde Li 0-0: Ball
1-0: Foul Ball, location: 2F
1-1: Foul Ball, location: 2F
1-2: Strikes out looking
Batting: RHB Itsuo Egami 0-0: Foul Ball, location: 2F
0-1: Ball
1-1: Swinging Strike
1-2: Foul Ball, location: 2F
1-2: Strikes out swinging
Bottom of the 9th over - 0 runs, 0 hits, 0 errors, 0 left on base; Arizona 13 - Atlanta 3
Thursday, March 31st , 2022 - OOTP Baseball 22.12 Build 89